[ AOE2 MATCH · #493800899 ]
UnrankedShu vs Malay
Player's team · WIN
Rival team · LOSS
[ REPLAY ANALYSIS · EXTRACTED FROM THE RECORDED GAME ]
Feudal
9:43
Castle
13:26
Imperial
—
| APM avg | 60.6 |
| APM peak | 108 |
| eAPM avg | 23.9 |
| Villagers / military | 58 / 7 |
Focus
⚔️ 48.3% · 🌾 51.7%
Unknown (1962) ×37 · Battering Ram ×7
Feudal
8:24
Castle
—
Imperial
—
| APM avg | 66.5 |
| APM peak | 91 |
| eAPM avg | 27.2 |
| Villagers / military | 83 / 41 |
Focus
⚔️ 40.3% · 🌾 59.7%
Scout Cavalry ×41
Match map
Initial resources + every placement click. Lines = walls · curves = elevation contours. ◆ gold · ⬟ stone · ● berries · ✦ relic · ◌ wall gap
Your base· Open — unwalled flank
CNZS_98T's base· Open — unwalled flank
Smoothed initial terrain · ◌ = detected wall gap · hover for details
Inputs per minute
— Biry - - CNZS_98T
Build order — Biry
150 actions detected in the replay
| 0:01 | Create | Villager (Male) |
| 0:01 | Create | Villager (Male) |
| 0:01 | Create | Villager (Male) |
| 0:01 | Create | Villager (Male) |
| 0:02 | Create | Villager (Male) |
| 0:02 | Build | House |
| 0:03 | Build | House |
| 1:32 | Create | Villager (Male) |
| 1:32 | Create | Villager (Male) |
| 1:44 | Build | Lumber Camp |
| 2:08 | Create | Villager (Male) |
| 2:08 | Create | Villager (Male) |
| 2:19 | Create | Villager (Male) |
| 2:19 | Create | Villager (Male) |
| 2:40 | Create | Villager (Male) |
| 2:40 | Create | Villager (Male) |
| 2:45 | Build | House |
| 2:50 | Create | Villager (Male) |
| 2:50 | Create | Villager (Male) |
| 3:33 | Create | Villager (Male) |
| 3:42 | Create | Villager (Male) |
| 3:42 | Create | Villager (Male) |
| 4:03 | Build | House |
| 4:06 | Create | Villager (Male) |
| 4:06 | Create | Villager (Male) |
| 4:38 | Create | Villager (Male) |
| 4:56 | Create | Villager (Male) |
| 5:08 | Build | Mill |
| 5:38 | Create | Villager (Male) |
| 5:38 | Create | Villager (Male) |
| 5:54 | Create | Villager (Male) |
| 7:03 | Create | Villager (Male) |
| 7:27 | Research | Feudal Age |
| 7:27 | Research | Feudal Age |
| 7:48 | Research | Loom |
| 8:50 | Create | Villager (Male) |
| 9:43 | Age | Feudal Age |
| 9:46 | Build | Market |
| 9:52 | Build | Blacksmith |
| 10:46 | Research | Castle Age |
| 10:46 | Research | Castle Age |
| 11:35 | Build | Lumber Camp |
| 11:47 | Build | Mining Camp |
| 12:51 | Build | Lumber Camp |
| 13:06 | Create | Villager (Male) |
| 13:08 | Build | House |
| 13:26 | Age | Castle Age |
| 13:27 | Create | Villager (Male) |
| 13:30 | Build | Siege Workshop |
| 13:46 | Create | Villager (Male) |
| 13:56 | Create | Villager (Male) |
| 14:01 | Create | Unit 1962 |
| 14:35 | Create | Villager (Male) |
| 14:55 | Create | Villager (Male) |
| 15:37 | Build | House |
| 15:44 | Create | Unit 1962 |
| 16:02 | Create | Villager (Male) |
| 16:29 | Create | Unit 1962 |
| 16:30 | Build | Farm |
| 16:33 | Create | Villager (Male) |
| 16:55 | Build | Farm |
| 17:06 | Create | Villager (Male) |
| 17:20 | Create | Unit 1962 |
| 17:20 | Create | Unit 1962 |
| 17:23 | Build | House |
| 17:54 | Build | Palisade Wall |
| 17:56 | Build | Palisade Wall |
| 17:58 | Build | Palisade Wall |
| 18:13 | Create | Unit 1962 |
| 18:13 | Create | Unit 1962 |
| 18:18 | Create | Villager (Male) |
| 18:54 | Build | Siege Workshop |
| 19:06 | Build | Lumber Camp |
| 19:13 | Build | Siege Workshop |
| 19:21 | Create | Villager (Male) |
| 19:27 | Build | House |
| 19:31 | Create | Unit 1962 |
| 20:15 | Create | Battering Ram |
| 20:18 | Create | Villager (Male) |
| 20:24 | Build | House |
| 20:29 | Create | Unit 1962 |
| 20:30 | Create | Unit 1962 |
| 20:54 | Build | Farm |
| 21:04 | Create | Unit 1962 |
| 21:04 | Create | Unit 1962 |
| 21:46 | Create | Battering Ram |
| 21:47 | Build | House |
| 22:05 | Create | Villager (Male) |
| 22:17 | Build | Farm |
| 22:18 | Build | Farm |
| 22:29 | Create | Unit 1962 |
| 23:07 | Create | Battering Ram |
| 23:35 | Create | Unit 1962 |
| 23:35 | Create | Unit 1962 |
| 23:59 | Create | Unit 1962 |
| 24:00 | Create | Unit 1962 |
| 25:44 | Build | Lumber Camp |
| 26:48 | Create | Villager (Male) |
| 27:30 | Create | Unit 1962 |
| 27:44 | Create | Unit 1962 |
| 27:48 | Build | Mining Camp |
| 29:06 | Build | Lumber Camp |
| 29:13 | Create | Unit 1962 |
| 29:13 | Create | Unit 1962 |
| 29:37 | Create | Unit 1962 |
| 29:37 | Create | Unit 1962 |
| 30:28 | Create | Unit 1962 |
| 31:54 | Create | Villager (Male) |
| 32:20 | Build | Farm |
| 32:39 | Build | Farm |
| 32:51 | Create | Villager (Male) |
| 32:51 | Create | Villager (Male) |
| 32:55 | Build | Farm |
| 32:56 | Build | Farm |
| 33:35 | Create | Unit 1962 |
| 33:35 | Create | Unit 1962 |
| 33:48 | Create | Battering Ram |
| 33:48 | Create | Battering Ram |
| 34:11 | Create | Villager (Male) |
| 34:29 | Create | Unit 1962 |
| 34:29 | Create | Unit 1962 |
| 34:31 | Build | Farm |
| 34:40 | Build | Farm |
| 35:12 | Create | Unit 1962 |
| 35:12 | Create | Unit 1962 |
| 35:58 | Create | Unit 1962 |
| 35:59 | Create | Unit 1962 |
| 36:05 | Create | Battering Ram |
| 36:15 | Create | Villager (Male) |
| 36:15 | Create | Villager (Male) |
| 37:13 | Create | Villager (Male) |
| 37:23 | Create | Unit 1962 |
| 37:24 | Create | Unit 1962 |
| 37:24 | Create | Unit 1962 |
| 38:24 | Create | Unit 1962 |
| 38:24 | Create | Unit 1962 |
| 39:02 | Create | Villager (Male) |
| 39:21 | Create | Villager (Male) |
| 39:59 | Create | Battering Ram |
| 40:04 | Create | Villager (Male) |
| 40:04 | Create | Villager (Male) |
| 40:39 | Create | Villager (Male) |
| 40:39 | Create | Villager (Male) |
| 40:55 | Create | Villager (Male) |
| 41:18 | Create | Villager (Male) |
| 41:20 | Build | Farm |
| 41:28 | Research | Double-Bit Axe |
| 41:28 | Research | Double-Bit Axe |
| 41:52 | Create | Villager (Male) |
| 41:53 | Create | Villager (Male) |
Build order — CNZS_98T
First 150 of 225 actions detected
| 0:01 | Create | Villager (Male) |
| 0:01 | Create | Villager (Male) |
| 0:01 | Create | Villager (Male) |
| 0:02 | Create | Villager (Male) |
| 0:03 | Build | House |
| 0:04 | Build | House |
| 1:23 | Create | Villager (Male) |
| 1:23 | Create | Villager (Male) |
| 1:50 | Build | Mill |
| 1:55 | Create | Villager (Male) |
| 2:13 | Create | Villager (Male) |
| 2:13 | Create | Villager (Male) |
| 2:45 | Create | Villager (Male) |
| 2:45 | Create | Villager (Male) |
| 2:46 | Create | Villager (Male) |
| 3:14 | Create | Villager (Male) |
| 3:14 | Create | Villager (Male) |
| 3:25 | Build | House |
| 3:26 | Build | House |
| 3:39 | Create | Villager (Male) |
| 3:40 | Create | Villager (Male) |
| 3:56 | Create | Villager (Male) |
| 3:56 | Create | Villager (Male) |
| 3:58 | Create | Villager (Male) |
| 3:59 | Create | Villager (Male) |
| 4:18 | Create | Villager (Male) |
| 4:19 | Create | Villager (Male) |
| 4:37 | Create | Villager (Male) |
| 4:43 | Create | Villager (Male) |
| 4:44 | Create | Villager (Male) |
| 5:04 | Create | Villager (Male) |
| 5:23 | Create | Villager (Male) |
| 5:23 | Create | Villager (Male) |
| 5:23 | Create | Villager (Male) |
| 5:52 | Create | Villager (Male) |
| 6:03 | Build | Lumber Camp |
| 6:23 | Research | Loom |
| 6:55 | Research | Feudal Age |
| 7:42 | Build | House |
| 8:13 | Create | Villager (Male) |
| 8:23 | Create | Villager (Male) |
| 8:24 | Age | Feudal Age |
| 8:42 | Research | Double-Bit Axe |
| 8:42 | Research | Double-Bit Axe |
| 8:43 | Create | Villager (Male) |
| 8:45 | Build | Mining Camp |
| 9:02 | Create | Villager (Male) |
| 9:04 | Build | Barracks |
| 9:24 | Build | Watch Tower |
| 9:28 | Build | Palisade Wall |
| 9:30 | Build | Palisade Wall |
| 9:35 | Create | Villager (Male) |
| 10:00 | Create | Villager (Male) |
| 10:03 | Build | Mill |
| 10:22 | Build | Palisade Wall |
| 10:23 | Build | Palisade Wall |
| 10:31 | Create | Villager (Male) |
| 10:50 | Build | Palisade Wall |
| 10:54 | Build | Stable |
| 10:58 | Create | Villager (Male) |
| 11:00 | Build | House |
| 11:27 | Create | Villager (Male) |
| 11:35 | Build | Farm |
| 11:36 | Create | Scout Cavalry |
| 11:53 | Create | Villager (Male) |
| 11:56 | Build | Farm |
| 12:07 | Build | Watch Tower |
| 12:22 | Build | Farm |
| 12:25 | Create | Scout Cavalry |
| 12:39 | Build | Farm |
| 12:40 | Build | Farm |
| 12:50 | Create | Villager (Male) |
| 13:03 | Build | Farm |
| 13:05 | Build | Farm |
| 13:14 | Create | Villager (Male) |
| 13:24 | Create | Villager (Male) |
| 13:45 | Create | Villager (Male) |
| 13:56 | Build | Watch Tower |
| 14:02 | Create | Villager (Male) |
| 14:09 | Build | Stone Wall |
| 14:11 | Build | Stone Wall |
| 14:12 | Build | Stone Wall |
| 14:14 | Build | Stone Wall |
| 14:17 | Build | Stone Wall |
| 14:28 | Build | Farm |
| 14:29 | Build | Farm |
| 14:37 | Build | House |
| 14:38 | Create | Scout Cavalry |
| 14:53 | Build | Farm |
| 14:53 | Build | Farm |
| 15:19 | Build | Stone Wall |
| 15:30 | Create | Villager (Male) |
| 15:32 | Build | Farm |
| 15:32 | Create | Scout Cavalry |
| 15:42 | Build | Watch Tower |
| 16:00 | Create | Scout Cavalry |
| 16:03 | Create | Villager (Male) |
| 16:14 | Build | Farm |
| 16:16 | Create | Villager (Male) |
| 16:18 | Build | Blacksmith |
| 16:22 | Build | Watch Tower |
| 16:23 | Create | Villager (Male) |
| 16:32 | Build | Watch Tower |
| 16:35 | Create | Scout Cavalry |
| 16:44 | Create | Scout Cavalry |
| 16:49 | Create | Villager (Male) |
| 17:05 | Create | Villager (Male) |
| 17:10 | Research | Forging |
| 17:14 | Create | Scout Cavalry |
| 17:15 | Create | Villager (Male) |
| 17:20 | Build | Farm |
| 17:26 | Create | Scout Cavalry |
| 17:36 | Create | Villager (Male) |
| 17:43 | Build | Watch Tower |
| 17:44 | Build | House |
| 18:02 | Research | Fletching |
| 18:05 | Create | Villager (Male) |
| 18:18 | Build | House |
| 18:21 | Create | Scout Cavalry |
| 18:53 | Create | Scout Cavalry |
| 19:03 | Build | House |
| 19:06 | Create | Villager (Male) |
| 19:17 | Build | Stone Wall |
| 19:18 | Build | Stone Wall |
| 19:23 | Create | Villager (Male) |
| 19:26 | Build | Stable |
| 19:28 | Build | Farm |
| 19:38 | Build | Lumber Camp |
| 19:41 | Create | Villager (Male) |
| 20:03 | Build | Farm |
| 20:03 | Create | Scout Cavalry |
| 20:15 | Build | House |
| 20:25 | Create | Scout Cavalry |
| 20:28 | Build | Farm |
| 20:30 | Build | Farm |
| 20:37 | Build | Farm |
| 20:48 | Build | Farm |
| 21:07 | Build | House |
| 21:16 | Research | Scale Barding Armor |
| 21:17 | Research | Scale Barding Armor |
| 21:25 | Build | Stable |
| 21:30 | Create | Villager (Male) |
| 21:43 | Build | House |
| 21:46 | Create | Scout Cavalry |
| 21:46 | Create | Scout Cavalry |
| 21:47 | Create | Villager (Male) |
| 22:09 | Create | Villager (Male) |
| 22:12 | Build | Watch Tower |
| 22:23 | Build | Mining Camp |
| 22:24 | Create | Villager (Male) |
Match timeline
| 8:24 | CNZS_98T · age_up feudal |
| 9:04 | CNZS_98T · first_building Barracks |
| 9:28 | CNZS_98T · wall_segment Palisade Wall x1 |
| 9:30 | CNZS_98T · wall_segment Palisade Wall x1 |
| 9:43 | Biry · age_up feudal |
| 10:22 | CNZS_98T · wall_segment Palisade Wall x1 |
| 10:23 | CNZS_98T · wall_segment Palisade Wall x1 |
| 10:45 | Biry · first_market_sell 100 stone |
| 10:50 | CNZS_98T · wall_segment Palisade Wall x1 |
| 10:54 | CNZS_98T · first_building Stable |
| 13:26 | Biry · age_up castle |
| 13:30 | Biry · first_building Siege Workshop |
| 14:09 | CNZS_98T · wall_segment Stone Wall x1 |
| 14:11 | CNZS_98T · wall_segment Stone Wall x1 |
| 14:12 | CNZS_98T · wall_segment Stone Wall x1 |
| 14:14 | CNZS_98T · wall_segment Stone Wall x1 |
| 14:17 | CNZS_98T · wall_segment Stone Wall x1 |
| 15:19 | CNZS_98T · wall_segment Stone Wall x1 |
| 15:43 | Biry · first_market_buy 100 food |
| 17:54 | Biry · wall_segment Palisade Wall x1 |
| 17:56 | Biry · wall_segment Palisade Wall x1 |
| 17:58 | Biry · wall_segment Palisade Wall x1 |
| 19:17 | CNZS_98T · wall_segment Stone Wall x1 |
| 19:18 | CNZS_98T · wall_segment Stone Wall x1 |
| 24:06 | CNZS_98T · first_market_buy 100 wood |
| 28:21 | CNZS_98T · first_market_sell 100 wood |
| 42:19 | CNZS_98T · resign |
[ AI ANALYSIS · 1 CREDIT ]
What really happened in this match?
Wolo.gg analyzes every decision: build order, eco, micro, common mistakes by bracket. Personalized analysis on WhatsApp or Discord in 30 seconds.
Civ guide
Shu
Perfil
Jugador #23053479